 Dungeon Crawl Stone Soup version 0.23.2-40-g277498a001 (webtiles) character file.

Game seed: 4713019299550381807

19357 Curus the Spear-Bearer (level 12, -1/177 HPs)
             Began as a Minotaur Fighter on Oct 11, 2019.
             Was a High Priest of Yredelemnul.
             Engulfed by a cloud of freezing vapour (10 damage)
             ... in an ice cave.
             The game lasted 01:29:33 (11852 turns).

Curus the Spear-Bearer (Minotaur Fighter)          Turns: 11852, Time: 01:29:34

Health: -1/177     AC: 21    Str: 24    XL:     12   Next: 35%
Magic:  17/17      EV:  6    Int:  8    God:    Yredelemnul [*****.]
Gold:   769        SH: 13    Dex: 14    Spells: 11/11 levels left

rFire    . . .     SeeInvis .   H - +3 trident (flame)
rCold    . . .     Gourm    +   c - +1 shield
rNeg     . . .     Faith    .   u - +2 plate armour
rPois    +         Spirit   .   (helmet restricted)
rElec    .         Reflect  .   Q - +0 cloak of Awe {rPois} (curse)
rCorr    +         Harm     .   (no gloves)
MR       .....                  A - +2 pair of boots {run}
Stlth    ..........             y - amulet of the gourmand
HPRegen  0.39/turn              s - ring of resist corrosion
MPRegen  0.15/turn              N - ring of flight

@: berserking, frozen, quick
A: retaliatory headbutt, hooves 1, horns 2, thin skeletal structure 1, robust 1,
weak 1
a: Recall Undead Slaves, Injury Mirror, Animate Dead, Drain Life, Enslave Soul,
Renounce Religion, Evoke Flight


You were in an ice cave.
You worshipped Yredelemnul.
Yredelemnul was extremely pleased with you.
You were not hungry.

You visited 2 branches of the dungeon, and saw 15 of its levels.
You also visited: Ossuary, Ice Cave and Volcano.

You collected 1156 gold pieces.
You spent 387 gold pieces at shops.

Inventory:

Hand Weapons
 a - a +1 trident
 d - a +5 trident
 E - a +1 trident of venom
 H - a +3 trident of flaming (weapon)
 I - a +0 trident of flaming
Armour
 b - a +0 scale mail
 c - a +1 shield (worn)
 e - a +1 cloak
 m - a +0 chain mail
 o - a -1 pair of gloves
 u - a +2 plate armour (worn)
 w - a +0 large shield of poison resistance
 A - a +2 pair of boots of running (worn)
 D - a +3 chain mail of fire resistance
 G - a +2 cloak
 Q - the cursed +0 cloak of Awe (worn) {rPois}
   (You found it on level 3 of the Lair of Beasts)

   It protects you from poison.
   It has a curse placed upon it.
Jewellery
 s - a ring of resist corrosion (left hand)
 x - a +3 ring of intelligence
 y - an amulet of the gourmand (around neck)
 F - an uncursed ring of protection from magic
 N - a ring of flight (right hand)
 R - an uncursed ring of fire
Wands
 j - a wand of polymorph (9)
 n - a wand of digging (8)
 r - a wand of clouds (6)
 v - a wand of flame (19)
 K - a wand of paralysis (13)
Scrolls
 g - 5 scrolls of remove curse
 i - 2 scrolls of fog
 p - 15 scrolls of identify
 B - a scroll of fear
 C - 2 scrolls of teleportation
 L - a scroll of magic mapping
 O - a scroll of enchant armour
 P - a scroll of amnesia
Potions
 h - 8 potions of curing
 k - 2 potions of agility
 l - 2 potions of magic
 q - 2 potions of resistance
 t - a potion of invisibility
 z - 5 potions of heal wounds
Comestibles
 f - 29 rations


   Skills:
 - Level 10.9 Fighting
 - Level 14.0 Polearms
 - Level 10.8 Armour
 - Level 10.0 Shields
 + Level 8.2 Invocations
 + Level 2.3 Evocations


You had 11 spell levels left.
You didn't know any spells.
Your spell library contained the following spells:

 Spells                   Type           Power        Failure   Level  Hunger
 Confusing Touch          Hex            #.....       100%        1    ##.....
 Confuse                  Hex            #.......     100%        3    ####...
 Gell's Gravitas          Tloc           #.........   100%        3    ####...
 Recall                   Summ/Tloc      N/A          100%        3    ####...
 Petrify                  Tmut/Erth      #.......     100%        4    #####..
 Summon Lightning Spire   Summ/Air       #.......     100%        4    #####..
 Aura of Abjuration       Summ           #.........   100%        5    ######.
 Metabolic Englaciation   Hex/Ice        #.........   100%        5    ######.
 Silence                  Hex/Air        #.........   100%        5    ######.
 Summon Demon             Summ           #.........   100%        5    ######.
 Summon Forest            Summ/Tloc      #.........   100%        5    ######.
 Summon Mana Viper        Hex/Summ       #.......     100%        5    ######.
 Yara's Violent Unravell  Hex/Tmut       #.........   100%        5    ######.
 Conjure Ball Lightning   Conj/Air       #.........   100%        6    #######
 Deflect Missiles         Chrm/Air       #.........   100%        6    #######
 Shadow Creatures         Summ           N/A          100%        6    #######
 Tornado                  Air            #.........   100%        9    #######


Dungeon Overview and Level Annotations

Branches:
Dungeon (11/15)            Temple (0/1) D:7            Lair (4/6) D:11
 Spider (0/4) Lair:2
  Swamp: Lair:2-4    Shoals: Lair:2-4       Orc: D:9-12

Altars:
Ashenzari
Cheibriados
Fedhas
Gozag
Hepliaklqana
Kikubaaqudgha
Makhleb
Nemelex Xobeh
Ru
Sif Muna
Trog
Yredelemnul
The Shining One

Shops:
D:8 *

Annotations:
D:10 2 runed translucent doors


Innate Abilities, Weirdness & Mutations

You reflexively headbutt those who attack you in melee.
You have a pair of horns on your head.
You have large cloven feet.
You have a somewhat thin skeletal structure. (Dex +2, Stealth)
You are robust. (+10% HP)
You are weak. (Str -2)


Message History

The ice beast hits you.
* * * LOW HITPOINT WARNING * * *
The ice beast freezes you!
* * * LOW HITPOINT WARNING * * *
You hit the ice statue.
You melt the ice statue.
You headbutt the ice statue!
The ice statue is severely damaged.
You are engulfed in freezing vapours.
* * * LOW HITPOINT WARNING * * *
The rime drake is engulfed in freezing vapours.
You block the rime drake's attack.
Your rime drake zombie is engulfed in freezing vapours.
Your rime drake zombie bites the ice beast but does no damage.
You puncture the ice statue!
You melt the ice statue!
You headbutt the ice statue.
You destroy the ice statue!
Yredelemnul accepts your kill.
The ice beast disappears in a puff of smoke! x3
You are engulfed in freezing vapours.
You die...
Your body rises from the dead as a mindless zombie.

...## ##.######..
......### ###...#.#...#
........####...#.Z#.Z###
..........#.z#####.###
...........### ###
............#
.....Y○§z.###
.....Yk☼Z°# ....YY°@###
### #....#○## ##.# ##..
## #####... ##. #...#...
##. ### ##.#..#..
#..####.### #..######
#...#..#..### ##...#
#....#.#...#####.##.#
##...#####...#.##..##


You could see a rime drake, 4 ice beasts, a friendly wight and a friendly rime
drake zombie.

Vanquished Creatures
  A sun demon (Volcano)
  An orc sorcerer (Volcano)
  3 ugly things
  An ice statue (IceCv)
  2 spiny frogs
  2 komodo dragons
  5 rime drakes
  2 red devils (Volcano)
  A polar bear (Lair:1)
  2 trolls
  Grinder (D:6)
  3 blink frogs (Lair:3)
  2 hippogriffs (D:8)
  2 wraiths
  2 hungry ghosts
  Eustachio (D:5)
  8 yaks
  2 vampire mosquitoes (Lair:2)
  A hydra simulacrum (Lair:3)
  2 hell hounds (Volcano)
  2 water moccasins
  Duvessa (D:6)
  3 orc warriors (D:9)
  5 porcupines
  9 ice beasts
  2 sky beasts
  5 ogres
  3 phantoms
  2 centaurs (D:6)
  6 crocodiles
  8 bullfrogs
  4 gnoll sergeants
  Dowan (D:6)
  A wyvern skeleton (D:8)
  5 scorpions
  An elephant simulacrum (Lair:3)
  2 wights (D:6)
  3 howler monkeys
  A bullfrog zombie (D:10)
  5 crimson imps
  A hippogriff simulacrum (Lair:3)
  3 jellies
  2 quasits
  15 hounds
  3 orc priests
  3 bullfrog skeletons
  An iguana (D:5)
  5 orc wizards
  7 worker ants
  A killer bee zombie (D:7)
  A basilisk simulacrum (Lair:3)
  2 hound skeletons
  A mummy (Ossuary)
  3 howler monkey zombies
  Robin (D:3)
  17 gnolls
  22 adders
  2 shadow imps
  3 oozes (D:8)
  2 adder zombies
  An adder skeleton (D:9)
  3 worms (D:2)
  3 dart slugs
  8 leopard geckos
  28 orcs
  9 bats
  5 giant cockroaches
  13 goblins
  11 hobgoblins
  25 jackals
  5 quokkas
  10 ball pythons
  A frilled lizard (D:1)
  4 gnoll skeletons (Ossuary)
  A jackal skeleton (D:5)
  10 kobolds
  9 kobold skeletons (Ossuary)
  12 orc skeletons (Ossuary)
  14 rats
  A rat zombie (D:3)
  A plant (Lair:2)
382 creatures vanquished.

Vanquished Creatures (collateral kills)
  The ghost of Ivernyr the Destroyer, a journeyman DgWz (Lair:3)
  2 wolf spiders (Lair:2)
  A spiny frog (Lair:3)
  A centaur skeleton (D:11)
  A blink frog (Lair:3)
  3 hippogriffs
  2 redbacks (Lair:2)
  A basilisk (Lair:1)
  6 yaks
  2 vampire mosquitoes (Lair:2)
  An insubstantial wisp (Lair:2)
  2 water moccasins
  2 porcupines (Lair:2)
  An orc warrior (D:11)
  An ogre (D:9)
  3 crocodiles
  2 bullfrogs
  2 scorpions
  A wight (D:6)
  3 electric eels
  2 hounds
  A jelly (D:8)
  A yak simulacrum (Lair:3)
  An adder (D:10)
  A shadow imp (D:10)
  2 oozes (D:8)
  An orc (D:9)
  6 fungi
  2 plants
55 creatures vanquished.

Vanquished Creatures (others)
  5 flying skulls
  A blink frog zombie (Lair:3)
  A vampire mosquito zombie (Lair:2)
  A bullfrog zombie (Lair:2)
  A hound zombie (D:8)
  An orc zombie (D:9)
10 creatures vanquished.

Grand Total: 447 creatures vanquished

Notes
Turn   | Place    | Note
-------+----------+-------------------------------------------
     0 | D:1      | Curus the Minotaur Fighter began the quest for the Orb.
     0 | D:1      | Reached XP level 1. HP: 19/19 MP: 0/0
    56 | D:1      | Reached skill level 3 in Polearms
   128 | D:1      | Reached XP level 2. HP: 26/26 MP: 1/1
   272 | D:1      | Reached skill level 4 in Polearms
   554 | D:2      | Reached XP level 3. HP: 31/31 MP: 2/2
   700 | D:2      | Reached skill level 5 in Polearms
   710 | D:2      | Reached XP level 4. HP: 13/39 MP: 3/3
  1127 | D:2      | Reached skill level 6 in Polearms
  1407 | D:2      | Found a blossoming altar of Fedhas.
  1490 | D:2      | Reached XP level 5. HP: 45/45 MP: 4/4
  1860 | D:3      | Gained mutation: You are weak. (Str -2) [potion of
                  | mutation]
  1860 | D:3      | Gained mutation: You have large cloven feet. [potion of
                  | mutation]
  1860 | D:3      | Gained mutation: You are robust. (+10% HP) [potion of
                  | mutation]
  1860 | D:3      | Gained mutation: You have a somewhat thin skeletal
                  | structure. (Dex +2, Stealth) [potion of mutation]
  1988 | D:3      | Identified the +2 helmet of the Spider Nest {rElec rC+ MR-}
  1988 | D:3      | Noticed Robin
  1996 | D:3      | Killed Robin
  2065 | D:3      | Reached skill level 7 in Polearms
  2244 | D:3      | Found an ancient bone altar of Kikubaaqudgha.
  2549 | D:4      | Reached XP level 6. HP: 56/56 MP: 5/5
  2756 | D:4      | Reached skill level 8 in Polearms
  3071 | D:5      | Entered Level 5 of the Dungeon
  3346 | D:5      | Reached skill level 9 in Polearms
  3420 | D:5      | Reached XP level 7. HP: 37/62 MP: 6/6
  3511 | D:5      | Noticed Eustachio
  3540 | D:5      | Killed Eustachio
  3540 | D:5      | Reached skill level 10 in Polearms
  3946 | D:5      | Reached skill level 11 in Polearms
  3987 | D:5      | Found a bloodstained altar of Trog.
  4020 | D:5      | Reached XP level 8. HP: 60/70 MP: 7/7
  4029 | D:5      | Found an opulent altar of Gozag.
  4259 | D:6      | Found a basalt altar of Yredelemnul.
  4280 | D:6      | Became a worshipper of Yredelemnul the Dark
  4374 | D:6      | Reached skill level 12 in Polearms
  4534 | D:6      | Noticed Grinder
  4577 | D:6      | Noticed Duvessa
  4578 | D:6      | Noticed Dowan
  4593 | D:6      | Killed Duvessa
  4595 | D:6      | Killed Dowan
  4595 | D:6      | Reached skill level 13 in Polearms
  4603 | D:6      | Killed Grinder
  4604 | D:6      | Reached XP level 9. HP: 24/77 MP: 8/8
  4665 | D:6      | Reached * piety under Yredelemnul
  4758 | D:6      | Reached skill level 14 in Polearms
  5259 | D:6      | Found a deep blue altar of Sif Muna.
  5259 | D:6      | Found a burning altar of Makhleb.
  5443 | D:7      | Found a staircase to the Ecumenical Temple.
  5546 | D:7      | Reached skill level 5 in Fighting
  5546 | D:7      | Reached skill level 5 in Armour
  6127 | D:8      | Found a sacrificial altar of Ru.
  6251 | D:8      | Reached ** piety under Yredelemnul
  6312 | D:8      | Noticed a troll
  6325 | D:8      | Killed a troll
  6325 | D:8      | Reached XP level 10. HP: 54/94 MP: 9/9
  6688 | D:8      | Found a sand-covered staircase.
  6693 | Ossuary  | Entered an ossuary
  6847 | Ossuary  | Reached *** piety under Yredelemnul
  6998 | D:8      | Found Vorucs's Assorted Antiques.
  7003 | D:8      | Bought a glass wand for 100 gold pieces
  7003 | D:8      | Bought a pair of glowing boots for 187 gold pieces
  7003 | D:8      | Bought a scroll of teleportation for 75 gold pieces
  7003 | D:8      | Bought a scroll labeled TOPOTZ ETHREI for 25 gold pieces
  7008 | D:8      | Identified a +1 pair of boots of running (You bought it in
                  | a shop on level 8 of the Dungeon)
  7215 | D:8      | Found a hazy altar of Hepliaklqana.
  7215 | D:8      | Found a snail-covered altar of Cheibriados.
  7414 | D:9      | Found a shattered altar of Ashenzari.
  7540 | D:9      | Noticed a brown ugly thing
  7564 | D:9      | Killed a brown ugly thing
  7599 | D:9      | Reached **** piety under Yredelemnul
  7799 | D:9      | Found a glowing golden altar of the Shining One.
  7902 | D:10     | Entered Level 10 of the Dungeon
  7927 | D:9      | Reached skill level 10 in Fighting
  7927 | D:9      | Reached skill level 10 in Armour
  8276 | D:10     | Received a gift from Yredelemnul (3 flying skulls)
  8337 | D:10     | Found a sparkling altar of Nemelex Xobeh.
  8351 | D:10     | Noticed a fire dragon
  8351 | D:10     | Noticed an ice dragon
  8352 | D:10     | Found a runed translucent door.
  8352 | D:10     | Noticed a fire dragon
  8353 | D:10     | Found the +2 shield of Resistance {rF+ rC+ MR+}
  8353 | D:10     | Noticed an ice dragon
  8394 | D:10     | Found a runed translucent door.
  8617 | D:11     | Reached XP level 11. HP: 106/111 MP: 10/10
  8763 | D:11     | Found a staircase to the Lair.
  8795 | Lair:1   | Entered Level 1 of the Lair of Beasts
  8941 | Lair:1   | Reached skill level 1 in Invocations
  9483 | Lair:2   | Reached skill level 5 in Shields
  9483 | Lair:2   | Received a gift from Yredelemnul (2 flying skulls)
  9511 | Lair:2   | Found a dark tunnel.
  9526 | Volcano  | Entered a volcano
  9542 | Volcano  | Noticed an orc sorcerer
  9542 | Volcano  | Noticed a red ugly thing
  9558 | Volcano  | Killed a red ugly thing
  9567 | Volcano  | Killed an orc sorcerer
  9673 | Volcano  | Noticed a red ugly thing
  9673 | Volcano  | Noticed a sun demon
  9685 | Volcano  | Killed a sun demon
  9698 | Volcano  | Killed a red ugly thing
  9698 | Volcano  | Reached skill level 5 in Invocations
 10032 | Lair:2   | Received a gift from Yredelemnul (a mummy)
 10551 | Lair:2   | Found a hole to the Spider Nest.
 10552 | Lair:2   | Noticed a wolf spider
 10553 | Lair:2   | Noticed a wolf spider
 10561 | Lair:2   | Killed a wolf spider
 10567 | Lair:2   | Killed a wolf spider
 10901 | Lair:3   | Received a gift from Yredelemnul (4 flying skulls)
 10912 | Lair:3   | Found a runed translucent gate.
 10912 | Lair:3   | Found a runed translucent gate.
 10913 | Lair:3   | Found a runed translucent gate.
 10958 | Lair:3   | Reached XP level 12. HP: 118/118 MP: 13/16
 11166 | Lair:3   | Noticed Ivernyr's ghost (journeyman DgWz)
 11567 | Lair:3   | Reached ***** piety under Yredelemnul
 11582 | Lair:3   | Reached skill level 10 in Shields
 11597 | Lair:3   | Killed Ivernyr's ghost
 11597 | Lair:3   | Reached skill level 1 in Evocations
 11613 | Lair:3   | Got a shimmering cloak
 11624 | Lair:3   | Identified the cursed +0 cloak of Awe {rPois} (You found it
                  | on level 3 of the Lair of Beasts)
 11687 | Lair:4   | Found a frozen archway.
 11697 | IceCv    | Entered an ice cave
 11821 | IceCv    | Received a gift from Yredelemnul (a wight)
 11852 | IceCv    | Engulfed by a cloud of freezing vapour

Skill      XL: |  1  2  3  4  5  6  7  8  9 10 11 12 |
---------------+-------------------------------------+-----
Polearms       | 3 4 5 6 7 9 11 13 14 | 14.0
Fighting       | 7 10 | 10.9
Armour         | 7 10 | 10.8
Shields        | 9 10 | 10.0
Invocations    | 6 8 |  8.2
Evocations     | 2 |  2.3

Action                   |  1- 3 |  4- 6 |  7- 9 | 10-12 || total
-------------------------+-------+-------+-------+-------++-------
Melee: Trident           |   110 |   278 |   359 |   654 ||  1401
       Headbutt          |    13 |    19 |    50 |   102 ||   184
       Kick              |       |    33 |    90 |    21 ||   144
Invok: Animate Remains   |       |       |     6 |     9 ||    15
       Animate Dead      |       |       |       |    32 ||    32
Evoke: Wand              |       |       |       |     1 ||     1
  Use: Scroll            |     2 |     4 |     3 |    11 ||    20
       Potion            |     2 |     5 |     4 |     4 ||    15
 Stab: Distracted        |       |       |       |     4 ||     4
       Confused          |       |       |       |     1 ||     1
  Eat: Chunk             |       |     8 |     9 |    27 ||    44
       Ration            |       |       |     1 |     2 ||     3
Armor: Scale mail        |    50 |    38 |       |       ||    88
       Chain mail        |       |    35 |   112 |     7 ||   154
       Plate armour      |       |       |       |   234 ||   234
Dodge: Dodged            |    34 |    40 |    52 |    77 ||   203
Block: Shield            |    54 |   105 |   137 |   194 ||   490
